 Dungeon Sprint DCSS version 0.18-a0-1273-g8ec5f8e (webtiles) character file.

85 pipel the Skirmisher (level 4, -20/50 HPs)
             Began as an Ogre Ice Elementalist on Feb 7, 2016.
             Was an Initiate of Okawaru.
             Demolished by a hill giant
             ... wielding a +0 giant club
              (31 damage)
             ... in the Dungeon (Sprint IX: "|||||||||||||||||||||||||||||").
             The game lasted 00:03:14 (497 turns).

pipel the Skirmisher (Ogre Ice Elementalist)         Turns: 497, Time: 00:03:15

Health: -20/50     AC:  8    Str: 17    XL:     4   Next: 48%
Magic:  2/10       EV: 11    Int: 17    God:    Okawaru [......]
Gold:   0          SH:  0    Dex: 10    Spells: 3 memorised, 4 levels left

rFire  . . .     SeeInvis .     b - +2 morningstar (crush)
rCold  . . .     Gourm    .     o - +0 robe
rNeg   . . .     Faith    .     (no shield)
rPois  .         Spirit   .     (helmet restricted)
rElec  .         Dismiss  .     (no cloak)
rCorr  .         Reflect  .     (gloves unavailable)
SustAt .         Harm     .     (boots unavailable)
MR     .....     NoTele   +     (no amulet)
Stlth  +.........               r - +3 ring of strength
                                q - +3 ring of intelligence

@: icy armour, very slightly contaminated, invisible, slow, not resistant to
hostile enchantments, very unstealthy
A: unfitting armour, tough skin 1
a: Renounce Religion


You were in the Dungeon.
You worshipped Okawaru.
Okawaru was noncommittal.
You were not hungry.

You visited 1 branch

Inventory:

Hand Weapons
 b - a +2 morningstar of crushing (weapon)
 n - the +2 scimitar of the Original Sin {flame, rC+}
   (You found it in the Dungeon)

   It has been specially enchanted to burn those struck by it, causing extra
   injury to most foes and up to half again as much damage against particularly
   susceptible opponents.
   Big, fiery blades are also staple armaments of hydra-hunters.
   It protects you from cold.
Armour
 o - a +0 robe (worn)
Magical Staves
 a - an uncursed staff of energy
Jewellery
 q - a +3 ring of intelligence (left hand)
 r - a +3 ring of strength (right hand)
Wands
 m - a wand of iceblast (3/15)
Scrolls
 i - a scroll of blinking
 k - 3 scrolls of remove curse
 l - 2 scrolls of amnesia
Potions
 e - 3 potions of heal wounds
 f - a potion of haste
 g - 4 potions of magic
 h - 4 potions of curing
Books
 p - a book of Frost

   Spells                             Type                      Level
   a - Freeze                         Ice                          1
   b - Throw Frost                    Conjuration/Ice              2
   c - Ozocubu's Armour               Charms/Ice                   3
   d - Throw Icicle                   Conjuration/Ice              4
   e - Summon Ice Beast               Ice/Summoning                4
   f - Condensation Shield            Ice                          4
Comestibles
 c - a bread ration


   Skills:
 * Level 5.0 Fighting
 + Level 3.8 Dodging
 - Level 1.5 Stealth
 - Level 4.9 Spellcasting
   Level 0.6 Conjurations
 - Level 4.3 Ice Magic


You had 4 spell levels left.
You knew the following spells:

 Your Spells              Type           Power        Failure   Level  Hunger
a - Freeze                Ice            ###.         2%          1    None
b - Ozocubu's Armour      Chrm/Ice       ##......     21%         3    ###....
c - Condensation Shield   Ice            ###.......   24%         4    ####...


Dungeon Overview and Level Annotations

Branches:
Dungeon (1/1)

Altars:
Cheibriados
Dithmenos
Elyvilon
Fedhas
Gozag
Kikubaaqudgha
Makhleb
Nemelex Xobeh
Okawaru
Pakellas
Qazlal
Ru
Sif Muna
Trog
Vehumet
Xom
Yredelemnul
Zin
The Shining One
Beogh
Jiyva
Lugonu


Innate Abilities, Weirdness & Mutations

You are too large for most types of armour.
You have tough skin (AC +1).


Message History

Zapping:
m - a wand of iceblast (5/15)
Press: ? - help, Shift-Dir - straight line, f/p - hill giant
Aim: a hill giant, wielding a giant club (heavily wounded)
The mass of ice explodes!
The iceblast engulfs the hill giant.
The hill giant is severely wounded.
This wand has 4 charges left.
Evoke which item? (* to show all) (? for menu, Esc to quit)
Zapping:
m - a wand of iceblast (4/15)
Press: ? - help, Shift-Dir - straight line, f/p - hill giant
Aim: a hill giant, wielding a giant club (heavily wounded)
The mass of ice explodes!
The iceblast engulfs the hill giant.
The hill giant is severely wounded.
This wand has 3 charges left.
You catch the helpless hill giant completely off-guard!
You hit the hill giant.
The hill giant is almost dead.
Your icy shield evaporates.
The hill giant hits you with a giant club!!
Ouch! That really hurt!
You die...

▓_▓
▓_▓
▓_▓
▓_▓
▓_▓
▓_▓
▓_▓
▓_▓
▓@▓
▓C▓
▓y▓
▓.▓
▓T▓
▓Z▓
▓[▓
▓[▓
▓.▓


You could see a hill giant, a troll, a killer bee and an adder skeleton
(wandering).

Vanquished Creatures
  A crimson imp (D)
  A worker ant (D)
  2 adders (D)
  A giant gecko (D)
  2 bats (D)
  2 goblins (D)
  A hobgoblin (D)
10 creatures vanquished.

Notes
Turn   | Place    | Note
--------------------------------------------------------------
     0 | D        | pipel the Ogre Ice Elementalist began the quest for the Orb.
     0 | D        | Reached XP level 1. HP: 16/16 MP: 3/3
     6 | D        | Reached skill level 1 in Fighting
    29 | D        | Reached skill level 3 in Spellcasting
    32 | D        | Reached XP level 2. HP: 16/28 MP: 0/6
   156 | D        | Noticed a crimson imp
   179 | D        | Reached XP level 3. HP: 21/37 MP: 0/8
   187 | D        | Reached skill level 4 in Fighting
   193 | D        | Reached skill level 5 in Fighting
   193 | D        | Reached XP level 4. HP: 9/50 MP: 0/10
   200 | D        | Found a glowing silver altar of Zin.
   200 | D        | Found a glowing golden altar of the Shining One.
   200 | D        | Found an ancient bone altar of Kikubaaqudgha.
   200 | D        | Found a basalt altar of Yredelemnul.
   200 | D        | Found a shimmering altar of Xom.
   200 | D        | Found a radiant altar of Vehumet.
   201 | D        | Found an iron altar of Okawaru.
   202 | D        | Found a burning altar of Makhleb.
   203 | D        | Found a deep blue altar of Sif Muna.
   204 | D        | Found a bloodstained altar of Trog.
   205 | D        | Found a sparkling altar of Nemelex Xobeh.
   206 | D        | Found a white marble altar of Elyvilon.
   207 | D        | Found a roughly hewn altar of Beogh.
   208 | D        | Found a viscous altar of Jiyva.
   209 | D        | Became a worshipper of Warmaster Okawaru
   210 | D        | Found a corrupted altar of Lugonu.
   211 | D        | Found a blossoming altar of Fedhas.
   212 | D        | Found a snail-covered altar of Cheibriados.
   213 | D        | Found a shadowy altar of Dithmenos.
   214 | D        | Found a stormy altar of Qazlal.
   215 | D        | Found an opulent altar of Gozag.
   216 | D        | Found a sacrificial altar of Ru.
   217 | D        | Found an oddly glowing altar of Pakellas.
   235 | D        | Got the +2 scimitar of the Original Sin {flame, rC+}
   251 | D        | Learned a level 3 spell: Ozocubu's Armour
   256 | D        | Learned a level 4 spell: Condensation Shield
   484 | D        | Noticed a hill giant
   484 | D        | Noticed a troll
   484 | D        | Noticed a steam dragon
   497 | D        | Demolished by a hill giant

Vault maps used:
D:        linesprint

Action                   |  1- 3 |  4- 6 || total
-------------------------+-------+-------++-------
Melee: Unarmed           |    46 |       ||    46
       Morningstar       |       |     3 ||     3
 Cast: Freeze            |    13 |     1 ||    14
       Ozocubu's Armour  |       |     1 ||     1
       Condensation Shie |       |     1 ||     1
Evoke: Wand              |       |     4 ||     4
  Use: Potion            |     2 |     1 ||     3
       Scroll            |       |     1 ||     1
 Stab: Invisible         |       |     1 ||     1
